 Dungeon Crawl Stone Soup version 0.26-a0-1191-ge2a0e31ab3 (webtiles) character file.

Game seed: 13879763931393940222

900 sideus8 the Insei (level 8, 0/60 HPs)
             Began as a Gnoll Transmuter on Dec 28, 2020.
             Was a Follower of Sif Muna.
             Slain by an orc warrior
             ... wielding a +0 long sword
              (13 damage)
             ... on level 5 of the Dungeon.
             The game lasted 00:10:19 (5593 turns).

sideus8 the Insei (Gnoll Transmuter)                Turns: 5593, Time: 00:10:20

Health: 0/60       AC:  8    Str: 15    XL:     8   Next: 7%
Magic:  15/16      EV: 11    Int: 15    God:    Sif Muna [*.....]
Gold:   230        SH:  4    Dex: 12    Spells: 3/18 levels left

rFire    . . .     SeeInvis .     - Unarmed
rCold    + + .     Faith    .   e - +0 buckler
rNeg     . . .     Spirit   .   z - +2 scale mail of Reason {Harm rPois rC++ Dex-4}
rPois    +         Reflect  .   (helmet currently unavailable)
rElec    .         Harm     +   (no cloak)
rCorr    +         Rampage  .   (no gloves)
Will     .....                  (boots currently unavailable)
Stlth    +.........             (no amulet)
HPRegen  0.20/turn              f - ring of resist corrosion
MPRegen  0.15/turn              (no ring)

@: appendages, attractive
A: distributed training, fangs 1, horns 2, talons 2, strong nose
a: End Transformation, Renounce Religion, Channel Magic


You were on level 5 of the Dungeon.
You worshipped Sif Muna.
Sif Muna was aware of your devotion.
You had grown temporary horns.
You had grown temporary talons.
You visited 1 branch of the dungeon, and saw 6 of its levels.

You collected 230 gold pieces.

Inventory:

Missiles
 r - 11 boomerangs
 s - 8 silver boomerangs
 B - 21 poisoned darts
Armour
 a - a +0 robe
 e - a +0 buckler (worn)
 j - a +0 ring mail
 z - the +2 scale mail of Reason (worn) {Harm rPois rC++ Dex-4}
   (You found it on level 4 of the Dungeon)

   It affects your dexterity (-4).
   It greatly protects you from cold.
   It protects you from poison.
   It increases damage dealt and taken.
 C - a +2 buckler
Jewellery
 f - a ring of resist corrosion (left hand)
 t - an uncursed ring of willpower {unknown}
Scrolls
 b - 2 scrolls of random uselessness {unknown}
 c - 6 scrolls of identify
 g - 2 scrolls of fog {unknown}
 h - 5 scrolls of remove curse {unknown}
 k - a scroll of noise {unknown}
 l - 2 scrolls of enchant weapon {unknown}
 m - 2 scrolls of fear {unknown}
 n - 2 scrolls of magic mapping {unknown}
 q - a scroll of teleportation {unknown}
 y - a scroll of enchant armour {unknown}
Potions
 d - a potion of magic {unknown}
 i - a potion of flight {unknown}
 o - a potion of attraction
 p - a potion of brilliance
 u - a potion of lignification {unknown}
 v - a potion of mutation {unknown}
 w - 6 potions of curing {unknown}
 x - a potion of invisibility {unknown}
 A - 2 potions of haste {unknown}
 D - a potion of degeneration {unknown}


   Skills:
 + Level 3.9 Fighting
 + Level 2.9 Short Blades
 + Level 2.9 Long Blades
 + Level 2.9 Axes
 + Level 2.9 Maces & Flails
 + Level 2.9 Polearms
 + Level 2.9 Staves
 + Level 2.9 Slings
 + Level 2.9 Bows
 + Level 2.9 Crossbows
 + Level 2.9 Throwing
 + Level 2.9 Armour
 + Level 5.4 Dodging
 + Level 2.9 Stealth
 + Level 2.9 Shields
 + Level 7.2 Unarmed Combat
 + Level 5.8 Spellcasting
 + Level 2.3 Conjurations
 + Level 2.3 Hexes
 + Level 2.3 Summonings
 + Level 2.3 Necromancy
 + Level 2.3 Translocations
 + Level 4.5 Transmutations
 + Level 2.3 Fire Magic
 + Level 2.3 Ice Magic
 + Level 2.3 Air Magic
 + Level 2.3 Earth Magic
 + Level 2.3 Poison Magic
 + Level 3.2 Invocations
 + Level 2.9 Evocations


You had 3 spell levels left.
You knew the following spells:

 Your Spells              Type           Power        Failure   Level
a - Beastly Appendage     Tmut           36%          10%         1
b - Wereblood             Tmut           18%          16%         2
c - Spider Form           Tmut/Pois      7%           43%         3
d - Ice Form              Ice/Tmut       14%          83%         4
e - Blade Hands           Tmut           9%           95%         5

Your spell library contained the following spells:

 Spells                   Type           Power        Failure   Level
 Magic Dart               Conj           44%          24%         1
 Blink                    Tloc           N/A          36%         2
 Call Imp                 Summ           11%          36%         2
 Slow                     Hex            11%          36%         2
 Conjure Flame            Conj/Fire      11%          58%         3
 Mephitic Cloud           Conj/Pois/Air  11%          58%         3


Dungeon Overview and Level Annotations

Branches:
Dungeon (6/15)
 Temple: D:4-7

Altars:
Dithmenos
Gozag
Hepliaklqana
Kikubaaqudgha
Makhleb
Ru
Sif Muna
Uskayaw
Vehumet
Yredelemnul


Innate Abilities, Weirdness & Mutations

Your experience applies equally to all skills.
You have very sharp teeth.
Your uncanny sense of smell can sniff out nearby items.
You have a pair of horns on your head.
You have razor-sharp toenails.


Message History

You feel a little less clever now.
The orc warrior hits you with a +0 long sword!
* * * LOW HITPOINT WARNING * * *
It was a potion of attraction.
You feel attractive to monsters.
The orc warrior hits you but does no damage.
Casting: Spider Form (dangerous; 43% risk of failure)
Confirm with . or Enter, or press ? or * to list all spells.
You grow a pair of large bovine horns.
Your feet morph into talons.
You block the orc warrior's attack.
Casting: Beastly Appendage (safe; 10% risk of failure)
Confirm with . or Enter, or press ? or * to list all spells.
Okay, then.
You punch the orc warrior! Your kick misses the orc warrior.
The orc warrior is moderately wounded.
You hit the orc warrior.
You headbutt the orc warrior, but do no damage.
The orc warrior is heavily wounded.
The orc warrior hits you with a +0 long sword!
You die...

#### ####.##.. ...# #...<....
##.# ##### #.##.##.. #.#
####...### ##.#...### #.#
#.....<..####.......## #.#######
#..................### #.......#
#........####...#.## #..####.#
#..#.....# ##.##.# #..# #.#
#..##@#..# ####.# #..####.#
#..##o#..# ##'## #.......#
#..##.#o.# ##...## ##......#
#..##.#..# ##..[..## ##.##.##
#........# ##..>....#
###...#.########....####....)....
.......................'.........
......#<########....####.........
####..#.# #...## ##.......#


You could see an orc warrior.

Vanquished Creatures
  Sigmund (D:5)
  An ice beast (D:6)
  A bullfrog (D:5)
  A scorpion (D:6)
  A howler monkey (D:4)
  A hound (D:4)
  Terence (D:3)
  An iguana (D:4)
  4 orc wizards
  A worker ant (D:4)
  5 gnolls
  6 adders
  A shadow imp (D:5)
  A white imp (D:4)
  An ufetubus (D:2)
  3 oozes
  2 adder skeletons (D:4)
  3 worms
  2 dart slugs
  4 leopard geckos
  17 orcs
  11 bats
  7 giant cockroaches
  21 hobgoblins
  4 jackals (D:1)
  A quokka (D:4)
  7 frilled lizards
  2 gnoll zombies (D:3)
  9 goblins
  9 kobolds
  A leopard gecko skeleton (D:4)
  A quokka skeleton (D:4)
  8 rats
139 creatures vanquished.

Notes
Turn   | Place    | Note
-------+----------+-------------------------------------------
     0 | D:1      | sideus8 the Gnoll Transmuter began the quest for the Orb.
     0 | D:1      | Reached XP level 1. HP: 17/17 MP: 6/6
   283 | D:1      | Reached XP level 2. HP: 21/23 MP: 5/7
   814 | D:2      | Found a sacrificial altar of Ru.
   814 | D:2      | Found a radiant altar of Vehumet.
   840 | D:2      | Reached XP level 3. HP: 20/28 MP: 7/9
   841 | D:2      | Reached skill level 5 in Spellcasting
  1229 | D:2      | Reached skill level 1 in Invocations
  1233 | D:2      | Reached skill level 1 in Short Blades
  1233 | D:2      | Reached skill level 1 in Long Blades
  1233 | D:2      | Reached skill level 1 in Axes
  1233 | D:2      | Reached skill level 1 in Maces & Flails
  1233 | D:2      | Reached skill level 1 in Polearms
  1233 | D:2      | Reached skill level 1 in Staves
  1233 | D:2      | Reached skill level 1 in Slings
  1233 | D:2      | Reached skill level 1 in Bows
  1233 | D:2      | Reached skill level 1 in Crossbows
  1233 | D:2      | Reached skill level 1 in Throwing
  1233 | D:2      | Reached skill level 1 in Armour
  1233 | D:2      | Reached skill level 1 in Stealth
  1233 | D:2      | Reached skill level 1 in Shields
  1233 | D:2      | Reached skill level 1 in Evocations
  1271 | D:2      | Reached XP level 4. HP: 21/34 MP: 9/11
  1572 | D:2      | Found an opulent altar of Gozag.
  1862 | D:3      | Found a faded altar of an unknown god.
  1900 | D:2      | Reached skill level 1 in Conjurations
  1900 | D:2      | Reached skill level 1 in Hexes
  1900 | D:2      | Reached skill level 1 in Summonings
  1900 | D:2      | Reached skill level 1 in Necromancy
  1900 | D:2      | Reached skill level 1 in Translocations
  1900 | D:2      | Reached skill level 1 in Fire Magic
  1900 | D:2      | Reached skill level 1 in Ice Magic
  1900 | D:2      | Reached skill level 1 in Air Magic
  1900 | D:2      | Reached skill level 1 in Earth Magic
  1900 | D:2      | Reached skill level 1 in Poison Magic
  2090 | D:3      | Reached XP level 5. HP: 37/40 MP: 10/12
  2093 | D:3      | Learned a level 2 spell: Wereblood
  2097 | D:3      | Learned a level 3 spell: Spider Form
  2102 | D:3      | Learned a level 4 spell: Ice Form
  2310 | D:3      | Found a hazy altar of Hepliaklqana.
  2402 | D:3      | Found a burning altar of Makhleb.
  2444 | D:3      | Found a shadowy altar of Dithmenos.
  2463 | D:3      | Found an ancient bone altar of Kikubaaqudgha.
  2505 | D:3      | Noticed Terence
  2515 | D:3      | Killed Terence
  2854 | D:3      | Found a basalt altar of Yredelemnul.
  2961 | D:3      | Found a shimmering blue altar of Sif Muna.
  2964 | D:3      | Became a worshipper of Sif Muna the Loreminder
  3083 | D:3      | Reached XP level 6. HP: 47/47 MP: 11/13
  3347 | D:4      | Reached skill level 5 in Dodging
  3424 | D:4      | Reached * piety under Sif Muna
  3482 | D:4      | Got a smoking scale mail
  3489 | D:4      | Identified the +2 scale mail of Reason {Harm rPois rC++
                  | Dex-4} (You found it on level 4 of the Dungeon)
  3828 | D:4      | Reached XP level 7. HP: 44/52 MP: 15/15
  3834 | D:4      | Learned a level 5 spell: Blade Hands
  4207 | D:4      | Reached skill level 7 in Unarmed Combat
  4464 | D:5      | Entered Level 5 of the Dungeon
  4553 | D:5      | Noticed Sigmund
  4561 | D:5      | Killed Sigmund
  4860 | D:5      | Found a hide-covered altar of Uskayaw.
  5294 | D:5      | Reached XP level 8. HP: 15/60 MP: 16/16
  5593 | D:5      | Slain by an orc warrior

Illustrated notes

Levels and vault maps discovered:
D:1:      evilmike_arrival_plus, layout_loops_ring
D:2:      layout_rooms, general_overflow_altar,
          chequers_temple_overflow_statue_of_worship, kennysheep_doodads,
          st_stairs_1
D:3:      layout_loops_ring, nicolae_overflow_quartered_altars,
          lemuel_zombie_altar_yredelemnul, lemuel_blue_sif_altar,
          chequers_ecumenical_altar_simple_redux, minmay_guardbox, uniq_terence
D:4:      corexii_shantytown, layout_basic, grunt_ministairs_15,
          chequers_serial_rivers_micro_e
D:5:      layout_loops_corners, eat_drink_and_be_merry_uskayaw, uniq_sigmund
D:6:      layout_rooms, ashenzari_conservatory_becter, serial_shops,
          nicolae_shop_window_shopping, grunt_decor_clamped

Skill      XL: |  1  2  3  4  5  6  7 |
---------------+----------------------+-----
Spellcasting   | 5 |  5.8
Invocations    | 1 2 3 |  3.2
Short Blades   | 1 2 |  2.9
Long Blades    | 1 2 |  2.9
Axes           | 1 2 |  2.9
Maces & Flails | 1 2 |  2.9
Polearms       | 1 2 |  2.9
Staves         | 1 2 |  2.9
Slings         | 1 2 |  2.9
Bows           | 1 2 |  2.9
Crossbows      | 1 2 |  2.9
Throwing       | 1 2 |  2.9
Armour         | 1 2 |  2.9
Stealth        | 1 2 |  2.9
Shields        | 1 2 |  2.9
Evocations     | 1 2 |  2.9
Conjurations   | 1 2 |  2.3
Hexes          | 1 2 |  2.3
Summonings     | 1 2 |  2.3
Necromancy     | 1 2 |  2.3
Translocations | 1 2 |  2.3
Fire Magic     | 1 2 |  2.3
Ice Magic      | 1 2 |  2.3
Air Magic      | 1 2 |  2.3
Earth Magic    | 1 2 |  2.3
Poison Magic   | 1 2 |  2.3
Fighting       | 3 |  3.9
Transmutations | 4 |  4.5
Dodging        | 5 |  5.4
Unarmed Combat | 7 |  7.2

Action                   |  1- 3 |  4- 6 |  7- 9 || total
-------------------------+-------+-------+-------++-------
Melee: Unarmed           |    54 |   227 |    62 ||   343
       Kick              |     9 |    51 |    15 ||    75
       Headbutt          |     6 |    26 |     7 ||    39
       Bite              |     2 |    20 |     6 ||    28
       Punch             |     1 |       |       ||     1
 Cast: Beastly Appendage |    15 |    33 |    13 ||    61
       Wereblood         |       |     1 |       ||     1
       Spider Form       |       |       |     1 ||     1
  Use: Scroll            |       |     1 |       ||     1
       Potion            |       |       |     2 ||     2
 Stab: Sleeping          |       |     4 |       ||     4
Armor: Robe              |     7 |    16 |       ||    23
       Ring mail         |       |    15 |       ||    15
       Scale mail        |       |     8 |    27 ||    35
Dodge: Dodged            |    41 |   157 |    33 ||   231
Block: Buckler           |       |    23 |    11 ||    34

Table legend: (Time is in decaauts)
 A = Elapsed time spent in this place.
 B = Non-inter-level travel time spent in this place.
 C = Inter-level travel time spent in this place.
 D = Time resting spent in this place.
 E = Time spent auto-exploring this place.
 F = Levels seen in this place.
 G = Mean time per level.
                   A        B        C        D        E       F      G
               +--------+--------+--------+--------+--------+-----+--------+
         Total |   5554 |   5554 |      0 |    613 |   3287 |   6 |  925.7 |
       Dungeon |   5554 |   5554 |      0 |    613 |   3287 |   6 |  925.7 |
               +--------+--------+--------+--------+--------+-----+--------+

Top non-repeatable levels by time:
     D:4: 1306 daAuts
     D:2: 1216 daAuts
     D:3: 1105 daAuts
     D:5: 1073 daAuts
     D:1: 800 daAuts
     D:6: 51 daAuts
